 Dungeon Crawl Stone Soup version 0.31-a0-1163-gcee99d1eea (webtiles) character file.

Game seed: 8545029815391175032

6 Baz the Twirler (level 1, 0/16 HPs)
             Began as a Demonspawn Gladiator on Dec 9, 2023.
             Succumbed to a kobold's poison
             ... on level 1 of the Dungeon.
             The game lasted 00:00:32 (78 turns).

Baz the Twirler (Demonspawn Gladiator)                Turns: 78, Time: 00:00:32

Health: 0/16       AC:  4    Str: 14    XL:     1   Next: 75%
Magic:  1/1        EV: 12    Int:  8    God:
Gold:   0          SH:  0    Dex: 14    Spells: 0/0 levels left

rFire   . . .        a - +0 quarterstaff
rCold   . . .        (shield currently unavailable)
rNeg    . . .        b - +0 leather armour
rPois   .            c - +0 helmet
rElec   .            (no cloak)
rCorr   .            (no gloves)
SInv    .            (no boots)
Will    .....        (no amulet)
Stlth   +            (no ring)
HPRegen 0.22/turn    (no ring)
MPRegen 0.07/turn

%: no passive effects
@: lethally poisoned (0 -> -10), hasted, very quick
A: no striking features
a: no special abilities


You were on level 1 of the Dungeon.
You visited 1 branch of the dungeon, and saw 1 of its levels.

Inventory:

Hand Weapons
 a - a +0 quarterstaff (weapon)
Missiles
 d - 3 throwing nets (quivered)
 e - a javelin
Armour
 b - a +0 leather armour (worn)
 c - a +0 helmet (worn)
Scrolls
 f - a scroll of identify {unknown}


   Skills:
 + Level 2.1 Fighting
 * Level 2.8 Staves
 - Level 1.7 Throwing
 + Level 0.3 Armour
 + Level 2.7 Dodging


You couldn't memorise any spells.
You didn't know any spells.
Your spell library was empty.

Dungeon Overview and Level Annotations

Branches:
Dungeon (1/15) Zot: 5919

Altars:


Message History

A frilled lizard is nearby!
The frilled lizard hisses angrily.
Found 5 gold pieces.
The bat closely misses you. The frilled lizard barely misses you.
You hit the frilled lizard.
You kill the frilled lizard!
The bat barely misses you.
Found 8 stones.
The bat hits you.
A kobold comes into view. It is wielding a +2 dagger of venom.
You see here a frilled lizard corpse.
The bat hits you but does no damage. The bat closely misses you.
The bat barely misses you.
You barely miss the bat. The bat hits you but does no damage. The bat hits you.
You closely miss the bat. The bat hits you but does no damage.
The bat barely misses you.
You barely miss the bat. The bat barely misses you.
You hit the bat.
The bat is severely wounded.
The bat hits you but does no damage.
You barely miss the bat.
The bat is severely wounded.
The bat hits you but does no damage. The kobold closely misses you.
The bat hits you but does no damage.
The kobold hits you with a +2 dagger of venom.
You are poisoned.
You hit the bat.
You kill the bat!
You feel very sick. The kobold barely misses you.
You closely miss the kobold.
You feel sick. The kobold closely misses you.
You closely miss the kobold.
You feel sick.
The kobold hits you with a +2 dagger of venom.
You are lethally poisoned!
You hit the kobold.
You kill the kobold!
* * * LOW HITPOINT WARNING * * *
You feel very sick.
Unknown command.
It was a potion of haste.
You feel yourself speed up.
You die...

+.............
#.............#
#.............#
#.............#
#.............#######
###....†..............#
........######........#
######..)†# #........#
.$.....#@# #........#
#####.##.####).......#
#..........####......
#.########.# ....## #.
######.# ...## #
###......# ..#.#
#...[##.####..#.#
#.#...........#
#.##.##........


There were no monsters in sight!

Vanquished Creatures
  A goblin (D:1)
  2 kobolds (D:1)
  A bat (D:1)
  2 frilled lizards (D:1)
6 creatures vanquished.

Notes
Turn   | Place    | Note
-------+----------+-------------------------------------------
     0 | D:1      | Baz the Demonspawn Gladiator began the quest for the Orb.
     0 | D:1      | Reached XP level 1. HP: 16/16 MP: 1/1
    78 | D:1      | Succumbed to a kobold's poison

Illustrated notes

Levels and vault maps discovered:
D:1:      amcnicky_arrival_underground_garden, layout_basic

Action                     || total
---------------------------++-------
  Melee: Quarterstaff      ||    17
    Use: Potion            ||     1
 Armour: Leather armour    ||    14
  Dodge: Dodged            ||    14

Table legend: (Time is in decaauts)
 A = Elapsed time spent in this place.
 B = Non-inter-level travel time spent in this place.
 C = Inter-level travel time spent in this place.
 D = Time resting spent in this place.
 E = Time spent auto-exploring this place.
 F = Levels seen in this place.
 G = Mean time per level.
                   A        B        C        D        E       F      G
               +--------+--------+--------+--------+--------+-----+--------+
         Total |     80 |     80 |      0 |      0 |     39 |   1 |   80.0 |
       Dungeon |     80 |     80 |      0 |      0 |     39 |   1 |   80.0 |
               +--------+--------+--------+--------+--------+-----+--------+

Top non-repeatable levels by time:
     D:1: 80 daAuts
